 Dungeon Crawl Stone Soup version 0.19.4 (webtiles) character file.

773 Kiturien the Chopper (level 7, -4/60 HPs)
             Began as a Hill Orc Fighter on Jan 31, 2017.
             Killed from afar by an orc wizard (7 damage)
             ... with a puff of flame
             ... on level 5 of the Dungeon.
             The game lasted 00:10:38 (3842 turns).

Kiturien the Chopper (Hill Orc Fighter)             Turns: 3842, Time: 00:10:38

Health: -4/60      AC: 12    Str: 21    XL:     7   Next: 83%
Magic:  7/7        EV:  2    Int:  8    God:
Gold:   332        SH: 15    Dex: 12    Spells: 0 memorised, 6 levels left

rFire  . . .     SeeInvis .     a - +0 war axe
rCold  . . .     Gourm    .     o - +0 plate armour
rNeg   . . .     Faith    .     q - +0 large shield
rPois  .         Spirit   .     (no helmet)
rElec  .         Reflect  .     (no cloak)
rCorr  .         Harm     .     (no gloves)
MR     .....                    (no boots)
Stlth  ..........               (no amulet)
                                (no ring)
                                j - +2 ring of dexterity

@: no status effects
A: no striking features
a: no special abilities


You were on level 5 of the Dungeon.
You were very hungry.

You visited 1 branch of the dungeon, and saw 5 of its levels.

You collected 332 gold pieces.

Inventory:

Hand Weapons
 a - a +0 war axe (weapon)
Armour
 c - a +0 shield
 o - a +0 plate armour (worn)
 q - a +0 large shield (worn)
Jewellery
 j - a +2 ring of dexterity (left hand)
Wands
 h - a wand of digging (15/24)
 m - a wand of acid (9/15)
Scrolls
 e - a scroll of magic mapping
 l - 4 scrolls of identify {unknown}
 n - a scroll of amnesia {unknown}
 s - a scroll of enchant weapon {unknown}
Potions
 b - a potion of haste {unknown}
 d - a potion of might
 i - a potion of lignification {unknown}
 k - 2 potions of agility
 p - a potion of curing
Comestibles
 f - 2 bread rations
 g - a meat ration
 r - a slice of pizza


   Skills:
 + Level 4.9 Fighting
 + Level 7.7 Axes
 + Level 5.4 Armour
 + Level 1.0 Dodging
 + Level 5.2 Shields


You had 6 spell levels left.
You didn't know any spells.

Dungeon Overview and Level Annotations

Branches:
Dungeon (5/15)
 Temple: D:4-7

Altars:
Vehumet

Shops:
D:5 [


Message History

You block the gnoll's attack.
You slash the orc wizard!
The orc wizard is severely wounded.
You closely miss the gnoll. You block the orc wizard's attack.
The gnoll hits you.
* * * LOW HITPOINT WARNING * * *
You block the gnoll's attack.
The orc wizard hits you but does no damage.
You closely miss the orc wizard.
The orc wizard is severely wounded.
You closely miss the gnoll.
The orc wizard hits you but does no damage.
You block the gnoll's attack. x2
The orc wizard hits you but does no damage.
You closely miss the orc wizard.
The orc wizard is severely wounded.
You hit the gnoll but do no damage. The orc wizard casts a spell at you.
The puff of flame hits you!
You die...

##############
.....g.......#
......)og.##.###########
#@...............#
#########)#..#.#..........
......................>#.#
#########.#..########..#..
#.#.†..........###
..#..#.#..........
####..#.#.###.#.###
#.†#.#†......#..
#....#)###.#.#.#


You could see an orc wizard and 2 gnolls.

Vanquished Creatures
  Grinder (D:4)
  A centaur (D:5)
  A scorpion (D:4)
  A bullfrog zombie (D:5)
  2 orc priests (D:5)
  An orc wizard (D:5)
  Natasha (thrice) (D:2 D:3)
  A worker ant (D:5)
  6 gnolls
  9 adders
  An ooze (D:1)
  An adder skeleton (D:5)
  3 dart slugs
  A leopard gecko (D:5)
  6 orcs
  4 bats
  8 giant cockroaches
  10 goblins
  A hobgoblin (D:3)
  5 jackals
  4 kobolds
  3 quokkas
  6 frilled lizards
  A jackal zombie (D:5)
  6 rats
86 creatures vanquished.

Notes
Turn   | Place    | Note
-------+----------+-------------------------------------------
     0 | D:1      | Kiturien the Hill Orc Fighter began the quest for the Orb.
     0 | D:1      | Reached XP level 1. HP: 19/19 MP: 1/1
    94 | D:1      | Reached skill level 3 in Axes
    94 | D:1      | Reached XP level 2. HP: 22/26 MP: 2/2
   461 | D:1      | Reached XP level 3. HP: 33/33 MP: 3/3
   828 | D:2      | Noticed Natasha
   834 | D:2      | Killed Natasha
   842 | D:2      | Reached skill level 4 in Axes
   842 | D:2      | Reached XP level 4. HP: 30/40 MP: 4/4
  1247 | D:2      | Found a faded altar of an unknown god.
  1653 | D:3      | Noticed Natasha
  1659 | D:3      | Killed Natasha
  1659 | D:3      | Reached XP level 5. HP: 46/46 MP: 5/5
  2018 | D:3      | Noticed Natasha
  2026 | D:3      | Killed Natasha
  2026 | D:3      | Reached skill level 5 in Axes
  2511 | D:4      | Noticed Grinder
  2514 | D:4      | Found a radiant altar of Vehumet.
  2528 | D:4      | Paralysed by Grinder for 2 turns
  2547 | D:4      | Killed Grinder
  2547 | D:4      | Reached skill level 6 in Axes
  2547 | D:4      | Reached skill level 1 in Dodging
  2547 | D:4      | Reached XP level 6. HP: 18/53 MP: 6/6
  3063 | D:4      | Reached skill level 5 in Armour
  3063 | D:4      | Reached XP level 7. HP: 56/60 MP: 7/7
  3306 | D:5      | Entered Level 5 of the Dungeon
  3404 | D:5      | Found Leoz's Armour Emporium.
  3519 | D:5      | Reached skill level 7 in Axes
  3798 | D:5      | Reached skill level 5 in Shields
  3840 | D:5      | HP: 3/60 [gnoll (5)]
  3842 | D:5      | Killed from afar by an orc wizard

Skill      XL: |  1  2  3  4  5  6  7 |
---------------+----------------------+-----
Axes           | 3 4 6 7 |  7.7
Shields        | 4 5 |  5.2
Fighting       | 4 |  4.9
Armour         | 4 5 |  5.4
Dodging        | 1 |  1.0

Action                   |  1- 3 |  4- 6 |  7- 9 || total
-------------------------+-------+-------+-------++-------
Melee: War axe           |    58 |   119 |   135 ||   312
  Use: Scroll            |     3 |       |       ||     3
       Potion            |       |     2 |       ||     2
  Eat: Bread ration      |       |     2 |       ||     2
Armor: Scale mail        |    31 |       |       ||    31
       Ring mail         |    12 |    33 |       ||    45
       Plate armour      |       |    24 |    87 ||   111
Dodge: Dodged            |    18 |    31 |    19 ||    68
Block: Shield            |    25 |    49 |    14 ||    88
       Large shield      |       |       |   104 ||   104
